 Dungeon Crawl Stone Soup version 0.29-a0-676-ga64570c9d2 (webtiles) character file.

Game seed: 17254751089475372154

35 blackman the Sneak (level 3, -11/29 HPs)
             Began as a Human Delver on June 25, 2022.
             Mangled by Prince Ribbit (14 damage)
             ... on level 5 of the Dungeon.
             The game lasted 00:01:04 (441 turns).

blackman the Sneak (Human Delver)                    Turns: 441, Time: 00:01:05

Health: -11/29     AC:  3    Str: 14    XL:     3   Next: 55%
Magic:  3/3        EV: 12    Int: 10    God:
Gold:   0          SH:  0    Dex: 14    Spells: 2/2 levels left

rFire   . . .      SeeInvis .   a - +0 spear
rCold   . . .      Faith    .   (no shield)
rNeg    . . .      Spirit   .   b - +0 leather armour
rPois   .          Reflect  .   (no helmet)
rElec   .          Harm     .   (no cloak)
rCorr   .          Rampage  .   (no gloves)
Will    .....                   (no boots)
Stlth   +++.......              (no amulet)
HPRegen 0.09/turn               (no ring)
MPRegen 0.08/turn               (no ring)

@: no status effects
A: no striking features
a: no special abilities


You were on level 5 of the Dungeon.
You visited 1 branch of the dungeon, and saw 2 of its levels.

Inventory:

Hand Weapons
 a - a +0 spear (weapon)
Armour
 b - a +0 leather armour (worn)
Wands
 g - a wand of digging (2)
Scrolls
 c - a scroll of fog
 e - a scroll of fear
Potions
 f - a potion of haste


   Skills:
 + Level 3.3 Fighting
 + Level 2.4 Polearms
 + Level 2.4 Dodging
 + Level 5.2 Stealth


You had 2 spell levels left.
You didn't know any spells.
Your spell library was empty.

Dungeon Overview and Level Annotations

Branches:
Dungeon (6/15)
 Temple: D:4-7

Altars:

Annotations:
D:5 Prince Ribbit


Message History

The hound is severely wounded.
The hound bites you but does no damage. The hound barely misses you.
You barely miss the hound. Your punch misses the hound.
The hound is severely wounded.
The hound closely misses you.
You hit the hound.
The hound is almost dead.
The hound bites you. The hound misses you.
You miss the hound.
The hound is almost dead.
The hound bites you but does no damage.
You hit the hound.
You kill the hound!
You have reached level 3!
Your experience leads to an increase in your attributes!
Increase (S)trength, (I)ntelligence, or (D)exterity?
You feel stronger. x2
What are your orders? t - Shout!
Orders for allies: a - Attack new target. r - Retreat! s - Stop attacking. g - Guard the area. f - Follow me.
Anything else - Cancel.
Okay, then.
You start resting.
HP restored.
Unknown command.
You see here a hound corpse.
Prince Ribbit comes into view.
Found a stone staircase leading up.
Prince Ribbit croaks.
Prince Ribbit hops awkwardly around.
Prince Ribbit hits you!!
Ouch! That really hurt!
Prince Ribbit blinks!
Prince Ribbit blinks!
Prince Ribbit hits you!
* * * LOW HITPOINT WARNING * * *
Prince Ribbit hits you!
You die...

******,***,,,*,*
*,,,,,,,,,.....s *,* *****,*
*,******###..#.# *,*******,*
*.#,,,,,,...[..# *,*,,,,,,,*
#.#,,,,,,,.....# *,*,*******
#.#,,,,,,,,....#
*,*,***######.#********#.#.#
*,*,,,,#......# #.#.#
*,****,#<.....# ##### #...#
*,* #.#...@F.# #...# ##..#
***,***#........###...# #..#
*,,,,,................### #..#
*,,,,,...............†..###..#
*,,,,,.....####.......##..#..#
*,,,,,.....* #.......####...#
*,,,,,....,* #§......# ###>.
*,,,,,....,* ######### ###
*,,,,,,,,,,*


You could see Prince Ribbit.

Vanquished Creatures
  A hound (D:5)
  A shadow imp (D:5)
2 creatures vanquished.

Notes
Turn   | Place    | Note
-------+----------+-------------------------------------------
     0 | D:5      | blackman the Human Delver began the quest for the Orb.
     0 | D:5      | Reached XP level 1. HP: 18/18 MP: 1/1
     7 | D:5      | Noticed a scorpion
    26 | D:5      | Reached XP level 2. HP: 15/24 MP: 2/2
   236 | D:6      | Noticed a centaur
   236 | D:6      | Noticed a water moccasin
   237 | D:6      | Noticed an ogre
   264 | D:5      | Reached XP level 3. HP: 13/29 MP: 3/3
   437 | D:5      | Noticed Prince Ribbit
   441 | D:5      | Mangled by Prince Ribbit

Illustrated notes

Levels and vault maps discovered:
D:5:      layout_basic, uniq_ijyb, uniq_prince_ribbit1, uniq_menkaure
D:6:      layout_loops_ring, tgw_trog, kennysheep_doodads

Action                   || total
-------------------------++-------
Melee: Spear             ||    17
Evoke: Wand              ||     1
  Use: Scroll            ||     1
Armor: Leather armour    ||     6
Dodge: Dodged            ||    11

Table legend: (Time is in decaauts)
 A = Elapsed time spent in this place.
 B = Non-inter-level travel time spent in this place.
 C = Inter-level travel time spent in this place.
 D = Time resting spent in this place.
 E = Time spent auto-exploring this place.
 F = Levels seen in this place.
 G = Mean time per level.
                   A        B        C        D        E       F      G
               +--------+--------+--------+--------+--------+-----+--------+
         Total |    441 |    435 |      6 |    377 |      0 |   2 |  220.5 |
       Dungeon |    441 |    435 |      6 |    377 |      0 |   2 |  220.5 |
               +--------+--------+--------+--------+--------+-----+--------+

Top non-repeatable levels by time:
     D:5: 439 daAuts
     D:6: 1 daAuts
